[Event "DVM U10 2024"]
[Site "Duesseldorf"]
[Date "2024.12.27"]
[Round "2"]
[White "Pukshansky, Mikhail B"]
[Black "Wang, Hanyu"]
[Result "0-1"]
[ECO "C44"]
[WhiteElo "2405"]
[BlackElo "1606"]
[Annotator "TA"]
[PlyCount "70"]
[EventDate "2024.12.23"]
[EventType "team-tourn"]
[EventRounds "7"]
[EventCountry "GER"]
[SourceTitle "playchess.com"]
[Source "ChessBase"]
[SourceQuality "1"]
[TimeControl "3300+5"]

1. e4 e5 2. Nf3 Nc6 3. Bc4 Bc5 4. d4 exd4 5. Ng5 {[%emt 0:00:10] [#]} d5 $1 6. Bxd5 $14 Be6 $2 7. Bxe6 $2 ({Much less strong is} 7. Nxe6 Bb4+ 8. c3 fxe6 9. Bxc6+ (9. Bxe6 Qe7 $18) 9... bxc6 10. cxb4 Ne7) (7. Bxc6+ bxc6 8. Nxe6 Bb4+ 9. c3 dxc3 10. Qxd8+ (10. Nxd8 $2 cxb2+ 11. Nd2 bxa1=Q $17) 10... Rxd8 11. Nxc7+ (11. bxc3 fxe6 12. cxb4 c5 $18) 11... Kd7 12. bxc3) 7... fxe6 $18 8. Nxe6 Qe7 9. Nxc5 (9. Nxc7+ $18 Qxc7 10. Qh5+ Qf7 11. Qxc5) 9... Qxc5 $16 10. O-O O-O-O {[%emt 0:00:03] [#]} 11. Bg5 $2 Qxg5 $19 12. f4 Qe7 13. e5 g6 14. Re1 Nh6 15. e6 Rhf8 16. g3 Rf6 17. Re2 Rxe6 18. Rxe6 Qxe6 19. Na3 Qe3+ 20. Kg2 d3 {Strongly threatening ...dxc2.} 21. Nc4 Qe4+ 22. Kf2 Qxc4 23. cxd3 Rxd3 24. Qe2 Qd4+ 25. Kf1 b6 (25... Rd2 $142 26. Qf3 Qc4+ (26... Rxb2 $2 27. Rc1 $19) 27. Kg1 Qc5+ (27... Rxb2 $2 28. Rd1 $19) 28. Kh1 Nd4 (28... Rxb2 $2 29. Rf1 $19) 29. Qe4 Re2 (29... Rxb2 30. Qe8#) 30. b4 Qh5 (30... Qxb4 $2 31. Rb1 $19) (30... Rxe4 31. bxc5 Re2 32. Re1 Rxe1+ 33. Kg2 Ng4 34. Kh3 h5 35. Kg2 Re2+ 36. Kf1 Ne3+ 37. Kg1 Nf3+ 38. Kh1 Rxh2#) 31. Qxe2 Qxe2 32. Re1 Qxe1+ 33. Kg2 Qe2+ (33... Qxb4 {is a self mate.} 34. Kh3 Qa3 35. f5 Qf3 36. fxg6 Ndf5 37. gxh7 Qf1#) 34. Kh3 Qf1+ 35. Kh4 Nf3#) 26. b3 Qxa1+ 27. Kf2 Qd1 (27... Qd4+ $142 28. Kf1 Rd1+ 29. Kg2 Rd2 30. Kf1 Rxe2 31. Kxe2 Ng4 32. h3 Qe3+ 33. Kd1 Nd4 34. hxg4 Qe2+ 35. Kc1 Qc2#) 28. Qe8+ Kb7 29. Qe2 Rd2 30. Qxd2 Qxd2+ 31. Kf3 Qe1 32. h3 Nd4+ 33. Kg2 Qe2+ 34. Kg1 Nf3+ 35. Kh1 Qg2+ 0-1

[Event "DVM U10 2024"]
[Site "Duesseldorf"]
[Date "2024.12.27"]
[Round "2"]
[White "Jiang, Lucas"]
[Black "Sander, Bela"]
[Result "1-0"]
[ECO "C54"]
[WhiteElo "2261"]
[BlackElo "1117"]
[Annotator "RC"]
[PlyCount "73"]
[EventDate "2024.12.23"]
[EventType "team-tourn"]
[EventRounds "7"]
[EventCountry "GER"]
[SourceTitle "playchess.com"]
[Source "ChessBase"]
[SourceQuality "1"]
[TimeControl "3300+5"]

1. e4 e5 2. Nf3 Nc6 3. Bc4 Bc5 4. c3 Nf6 5. d3 d6 6. Bg5 h6 7. Bh4 Bg4 8. h3 Bh5 9. Nbd2 Qe7 10. O-O O-O-O 11. Qb3 g5 12. Bg3 Rdf8 13. Bb5 Qd7 14. d4 exd4 15. cxd4 Bb6 16. d5 Bxf3 17. Qxf3 Nh7 18. dxc6 bxc6 19. Bd3 Kb7 20. Nc4 Bc5 21. e5 h5 22. exd6 cxd6 23. Be4 d5 24. Bxh7 Rxh7 25. Qb3+ Ka8 26. Ne5 Qe6 27. Rfe1 Bb6 28. Nf3 Qf5 29. Re5 Qd7 30. Rxg5 f5 31. Rg6 Rg7 32. Ne5 Qb7 33. Rxg7 Qxg7 34. Nxc6 Rg8 35. Qxd5 Qxg3 36. Nd8+ Kb8 37. Qb7# 1-0

[Event "DVM U10 2024"]
[Site "Duesseldorf"]
[Date "2024.12.27"]
[Round "2"]
[White "Schmidt, Fabian"]
[Black "Obermeier, Vitus"]
[Result "1-0"]
[ECO "C01"]
[WhiteElo "1971"]
[BlackElo "982"]
[Annotator "RC"]
[PlyCount "99"]
[EventDate "2024.12.23"]
[EventType "team-tourn"]
[EventRounds "7"]
[EventCountry "GER"]
[SourceTitle "playchess.com"]
[Source "ChessBase"]
[SourceQuality "1"]
[TimeControl "3300+5"]

1. e4 e6 2. Nf3 Nc6 3. d4 d5 4. exd5 exd5 5. Bb5 Qe7+ 6. Be3 Qb4+ 7. Nc3 Qxb2 8. Nxd5 Bd6 9. Rb1 Qxa2 10. Nc3 Qa5 11. Bd2 Nf6 12. d5 Qb6 13. Bxc6+ bxc6 14. Rxb6 axb6 15. dxc6 Ba6 16. Ne2 O-O 17. O-O Rae8 18. Re1 Ne4 19. Nc3 Nxc3 20. Rxe8 Rxe8 21. Bxc3 Rd8 22. Qa1 Be2 23. Bxg7 Be5 24. Bxe5 Rd1+ 25. Qxd1 Bxd1 26. Bxc7 Bxc2 27. Bxb6 Bf5 28. Ne5 Bc8 29. c7 Kf8 30. Nc6 Ke8 31. Na7 Kd7 32. Nxc8 Kxc8 33. Kf1 Kb7 34. Ke2 f5 35. Kd3 f4 36. Kd4 h5 37. Kd5 h4 38. Ke4 Kc8 39. Kd5 f3 40. gxf3 Kd7 41. Kc5 h3 42. Kd5 Kc8 43. Ke6 Kb7 44. Kd7 Kxb6 45. c8=Q Ka7 46. Qc7+ Ka8 47. Qa5+ Kb7 48. Qb5+ Ka7 49. Kc7 Ka8 50. Qa4# 1-0

[Event "DVM U10 2024"]
[Site "Duesseldorf"]
[Date "2024.12.27"]
[Round "2"]
[White "Boeskov, Steffen"]
[Black "Kutschenreuter, Leo"]
[Result "1-0"]
[ECO "B07"]
[WhiteElo "1933"]
[BlackElo "1085"]
[Annotator "NA RC"]
[PlyCount "117"]
[EventDate "2024.12.23"]
[EventType "team-tourn"]
[EventRounds "7"]
[EventCountry "GER"]
[SourceTitle "playchess.com"]
[Source "ChessBase"]
[SourceQuality "1"]
[TimeControl "3300+5"]

1. e4 d6 2. Qf3 Nf6 3. Nc3 Bg4 4. Qg3 Nc6 5. Nf3 e5 6. Bb5 {[%emt 0:00:25] B07: Pirc Defence: Miscellaneous Systems.} a6 7. Bxc6+ bxc6 8. h3 Be6 9. Ng5 Nh5 10. Qh4 Nf4 11. Qg3 Rb8 12. Nxe6 fxe6 13. O-O Rb5 14. d3 d5 15. Bxf4 exf4 16. Qg4 Rxb2 17. Qxe6+ Qe7 18. Qxc6+ Qd7 19. Qa8+ Kf7 20. Nxd5 Kg8 21. Nxf4 Rxc2 22. Qxa6 Bc5 23. Qa8+ Bf8 24. Nd5 h6 25. Rac1 Rxc1 26. Rxc1 Kh7 27. Rxc7 Qb5 28. Rc8 Qb1+ 29. Kh2 Bd6+ 30. g3 Rxc8 31. Qxc8 Qxa2 32. Qf5+ Kg8 33. Qe6+ Kh7 34. Qxd6 Qxf2+ 35. Kh1 Qf1+ 36. Kh2 Qe2+ 37. Kg1 Qe1+ 38. Kg2 Qd2+ 39. Kf3 Qxd3+ 40. Kg4 Qxe4+ 41. Nf4 h5+ 42. Kxh5 Qf5+ 43. Kh4 Qf6+ 44. Qxf6 gxf6 45. g4 Kh6 46. Ne6 Kg6 47. g5 f5 48. Kg3 Kf7 49. Nd8+ Kg6 50. Kf4 Kh7 51. Kxf5 Kg7 52. Ne6+ Kh7 53. g6+ Kg8 54. Kf6 Kh8 55. g7+ Kg8 56. Ke7 Kh7 57. Kf7 Kh6 58. g8=Q Kh5 59. Qg5# 1-0

[Event "DVM U10 2024"]
[Site "Duesseldorf"]
[Date "2024.12.27"]
[Round "2"]
[White "Pereira, Jefferson Luis de S."]
[Black "Sachse, Alina"]
[Result "1-0"]
[ECO "C46"]
[WhiteElo "1932"]
[BlackElo "848"]
[Annotator "NA RC"]
[PlyCount "173"]
[EventDate "2024.12.23"]
[EventType "team-tourn"]
[EventRounds "7"]
[EventCountry "GER"]
[SourceTitle "playchess.com"]
[Source "ChessBase"]
[SourceQuality "1"]
[TimeControl "3300+5"]

1. e4 e5 2. Nf3 Nc6 3. Nc3 Bc5 4. Nxe5 Nxe5 5. d4 Bd6 6. dxe5 Bxe5 7. Bc4 {[%emt 0:01:13] 7.Bd3 deserves study.} f5 $146 {[%emt 0:00:15] C46: 3 Nc3: Unusual Black 3rd moves.} ({Predecessor:} 7... Nf6 8. O-O O-O 9. f3 c6 10. Bd3 d5 11. exd5 Nxd5 12. Nxd5 Qxd5 13. c3 Rd8 14. Qe2 Bxh2+ 15. Kxh2 Qxd3 16. Qxd3 Rxd3 {0-1 Naroditsky,D (2619)-Nakamura,H (2787) Bullet Chess Winners blitz 2023 (3.10)}) 8. Qe2 Nf6 9. exf5 d6 10. Bb5+ Bd7 11. Bxd7+ Qxd7 12. O-O O-O-O 13. Ne4 Nd5 14. Qc4 Nb6 15. Qb4 Qc6 16. Be3 d5 17. Nc5 Bd6 18. Qc3 Nc4 19. Ne6 Rde8 20. Nxg7 Reg8 21. Rae1 Qd7 22. Bd4 Qf7 23. f6 Qg6 24. Qb3 Qg4 25. Ne6 Qh4 26. g3 Qh3 27. Re3 Rg6 28. Nf4 Bxf4 29. f7 Rf8 30. Re8+ Kd7 31. Qb5+ c6 32. Qxb7+ Bc7 33. Qc8+ Kd6 34. Qxh3 Rxf7 35. Rfe1 Ba5 36. R1e6+ Kc7 37. Rxg6 hxg6 38. Qc8+ Kd6 39. Qe6+ Kc7 40. Bc5 Rd7 41. Qxg6 Bb6 42. Bxb6+ Kxb6 43. Qf6 Nd6 44. Re7 Rd8 45. Qh4 Rb8 46. Qh6 Rd8 47. Rh7 Nf5 48. Qf6 Nd6 49. Rh8 Rxh8 50. Qxh8 Kc5 51. h4 d4 52. h5 Nf7 53. Qf6 Nd6 54. h6 Ne8 55. Qg6 Nd6 56. h7 a5 57. h8=R Kc4 58. Qg4 a4 59. Rh4 a3 60. Qxd4+ Kb5 61. Qb4+ Ka6 62. Qa4+ Kb7 63. Rh7+ Kb6 64. Qa7+ Kb5 65. Rh5+ Kc4 66. b3+ Kc3 67. Qc5+ Kd2 68. Qe3+ Kd1 69. Kf1 Nf5 70. Qe2+ Kc1 71. Kg2 Kb2 72. Rh1 Kxa2 73. Qe1 Ne3+ 74. fxe3 Kb2 75. c3 Kxb3 76. Qb1+ Kxc3 77. Rc1+ Kd2 78. Qc2+ Kxe3 79. Re1+ Kd4 80. Qd2+ Kc5 81. Rc1+ Kb6 82. Qb4+ Kc7 83. Qc5 Kd7 84. Qxc6+ Ke7 85. Rb1 Kf7 86. Rb7+ Kf8 87. Qc8# 1-0

[Event "DVM U10 2024"]
[Site "Duesseldorf"]
[Date "2024.12.27"]
[Round "2"]
[White "Hahn, David"]
[Black "Odbayar, Ekhbayar"]
[Result "1-0"]
[ECO "A40"]
[WhiteElo "1887"]
[BlackElo "864"]
[Annotator "NA RC"]
[PlyCount "77"]
[EventDate "2024.12.23"]
[EventType "team-tourn"]
[EventRounds "7"]
[EventCountry "GER"]
[SourceTitle "playchess.com"]
[Source "ChessBase"]
[SourceQuality "1"]
[TimeControl "3300+5"]

1. d4 Nc6 2. Nc3 Nxd4 3. Qxd4 d6 4. Bf4 e5 5. Qd1 exf4 6. e3 fxe3 7. Qe2 Qe7 8. O-O-O exf2 9. Qxe7+ Bxe7 10. Nf3 Bg4 11. Bb5+ c6 12. Be2 Bxf3 13. gxf3 O-O-O 14. Kb1 d5 15. f4 g5 16. Bg4+ Kb8 17. fxg5 Bxg5 18. Rhf1 Be3 19. Rd3 Bc5 20. Na4 Bb6 21. Nxb6 axb6 22. Rxf2 Nh6 23. Bh3 Rhg8 24. a3 Rg1+ 25. Ka2 Re8 26. Rf6 Ng4 27. Bxg4 Rxg4 28. Rxf7 h5 29. Rdf3 Rh4 30. Rg3 Rxh2 31. Rgg7 Ka7 32. Rxb7+ Ka6 33. a4 Ra8 34. Ka3 Rxc2 35. Rbc7 h4 36. b4 h3 37. b5+ Ka5 38. Ra7+ Rxa7 39. Rxa7# 1-0

[Event "DVM U10 2024"]
[Site "Duesseldorf"]
[Date "2024.12.27"]
[Round "2"]
[White "White, William"]
[Black "Breaz, Albert"]
[Result "0-1"]
[ECO "C55"]
[WhiteElo "1750"]
[BlackElo "1494"]
[Annotator "NA RC"]
[PlyCount "84"]
[EventDate "2024.12.23"]
[EventType "team-tourn"]
[EventRounds "7"]
[EventCountry "GER"]
[SourceTitle "playchess.com"]
[Source "ChessBase"]
[SourceQuality "1"]
[TimeControl "3300+5"]

1. e4 e5 2. Nf3 Nc6 3. Bc4 Nf6 4. Nc3 Nxe4 5. Nxe4 d5 6. Bd3 dxe4 7. Bxe4 Nd4 8. d3 c6 9. O-O Bg4 10. h3 Nxf3+ 11. Bxf3 Bxf3 12. Qxf3 Bd6 13. Qg4 O-O 14. Bd2 f5 15. Qc4+ Kh8 16. Rfe1 Qb6 17. Bc3 e4 18. dxe4 fxe4 19. Bd4 Qc7 20. Rxe4 b5 21. Qc3 c5 22. Bxg7+ Qxg7 23. Qxg7+ Kxg7 24. Rd1 Rad8 25. Re6 Bh2+ 26. Kxh2 Rxd1 27. Re7+ Rf7 28. Re5 Rxf2 29. Rxc5 Rdd2 30. Rxb5 Rxg2+ 31. Kh1 Kf6 32. Ra5 Rge2 33. Ra6+ Re6 34. Rxe6+ Kxe6 35. Kg1 Rxc2 36. Kf1 Rxb2 37. a4 Ke5 38. a5 Ke4 39. a6 Ke3 40. Kg1 Kf3 41. Kh1 Kg3 42. Kg1 Rb1# 0-1

[Event "DVM U10 2024"]
[Site "Duesseldorf"]
[Date "2024.12.27"]
[Round "2"]
[White "Barsov, Mikhail"]
[Black "El-Issa, Erik"]
[Result "1-0"]
[ECO "A23"]
[WhiteElo "1737"]
[BlackElo "1530"]
[Annotator "NA RC"]
[PlyCount "111"]
[EventDate "2024.12.23"]
[EventType "team-tourn"]
[EventRounds "7"]
[EventCountry "GER"]
[SourceTitle "playchess.com"]
[Source "ChessBase"]
[SourceQuality "1"]
[TimeControl "3300+5"]

1. c4 e5 2. g3 c6 3. Nf3 e4 4. Nd4 d5 5. cxd5 cxd5 6. d3 Nf6 7. Bg2 Bc5 8. Nb3 Bb6 9. O-O O-O 10. Nc3 Bf5 11. dxe4 dxe4 12. Bg5 Re8 13. Qxd8 Bxd8 14. Nd4 Bg6 15. Ndb5 Nbd7 16. Rfd1 a6 17. Nd6 Re6 18. Nxb7 Bc7 19. Bh3 Rb6 20. Bxd7 Nxd7 21. Rxd7 Rxb7 22. Nd5 f6 23. Be3 Rxb2 24. Rxc7 Bf7 25. Ne7+ Kf8 26. Nf5 h6 27. Bc5+ Kg8 28. Bd4 Rxe2 29. Bxf6 gxf6 30. Nxh6+ Kg7 31. Nxf7 Rf8 32. Nd6+ Kg6 33. Kf1 Rd2 34. Nxe4 Rd4 35. Nc5 Rc4 36. Nxa6 Rxc7 37. Nxc7 Rc8 38. Nd5 Rd8 39. Nf4+ Kf7 40. a4 Ra8 41. a5 Ra7 42. a6 f5 43. h4 Kf6 44. h5 Kg5 45. Kg2 Kh6 46. Kh3 Kg5 47. Ra2 Kh6 48. Kh4 Kg7 49. Kg5 Kh7 50. Kxf5 Kh6 51. g4 Rh7 52. a7 Rxa7 53. g5+ Kg7 54. Rxa7+ Kh8 55. Kg6 Kg8 56. Ra8# 1-0

[Event "DVM U10 2024"]
[Site "Duesseldorf"]
[Date "2024.12.27"]
[Round "2"]
[White "Liu, Jonas"]
[Black "Schmidt, Jan"]
[Result "1-0"]
[ECO "B10"]
[WhiteElo "1690"]
[BlackElo "1688"]
[Annotator "NA RC"]
[PlyCount "65"]
[EventDate "2024.12.23"]
[EventType "team-tourn"]
[EventRounds "7"]
[EventCountry "GER"]
[SourceTitle "playchess.com"]
[Source "ChessBase"]
[SourceQuality "1"]
[TimeControl "3300+5"]

1. e4 c6 2. Nf3 d5 3. exd5 cxd5 4. Ne5 Nc6 5. Bb5 Bd7 6. Bxc6 Bxc6 7. d4 Nf6 8. O-O e6 9. Bf4 Bd6 10. Nd2 Qc7 11. Bg3 O-O 12. Re1 Rac8 13. c3 Nd7 14. Ndf3 Qb6 15. Nxd7 Bxd7 16. Bxd6 Qxd6 17. Ng5 h6 18. Nf3 Qb6 19. Qb3 Qa6 20. a4 Bc6 21. h4 Qd3 22. Ne5 Qd2 23. Re3 Bxa4 24. Rxa4 Qc1+ 25. Kh2 Qf1 26. Nd3 b5 27. Ra2 f5 28. Qc2 b4 29. Nxb4 Qc4 30. Rxe6 Qxb4 31. Qe2 Qb8+ 32. Qe5 Qb3 33. Rxa7 1-0

[Event "DVM U10 2024"]
[Site "Duesseldorf"]
[Date "2024.12.27"]
[Round "2"]
[White "Ahmadov, Ahmad"]
[Black "Liu, Yichen"]
[Result "1/2-1/2"]
[ECO "B19"]
[WhiteElo "1663"]
[BlackElo "1500"]
[Annotator "NA RC"]
[PlyCount "71"]
[EventDate "2024.12.23"]
[EventType "team-tourn"]
[EventRounds "7"]
[EventCountry "GER"]
[SourceTitle "playchess.com"]
[Source "ChessBase"]
[SourceQuality "1"]
[TimeControl "3300+5"]

1. e4 c6 2. d4 d5 3. Nc3 dxe4 4. Nxe4 Bf5 5. Ng3 Bg6 6. h4 h6 7. h5 Bh7 8. Nf3 Nf6 9. Ne5 e6 10. Bd3 Qxd4 11. Nxf7 Rg8 12. Bxh7 Qxd1+ 13. Kxd1 Nxh7 14. Ne5 Bd6 15. f4 Nf6 16. Be3 Bxe5 17. fxe5 Ng4 18. Re1 Nxe5 19. Bxa7 Rxa7 20. Rxe5 Ke7 21. Ne4 Nd7 22. Rc5 Nxc5 23. Nxc5 Rf8 24. Ke2 Rf5 25. Nd3 Rxh5 26. a3 Raa5 27. Re1 c5 28. Kd2 Rd5 29. Kc1 c4 30. Nf4 Re5 31. Ng6+ Kf6 32. Nxe5 Rxe5 33. Rf1+ Rf5 34. Rd1 Rd5 35. Rf1+ Rf5 36. Rd1 1/2-1/2

[Event "DVM U10 2024"]
[Site "Duesseldorf"]
[Date "2024.12.27"]
[Round "2"]
[White "Sauer, Ben"]
[Black "Roppel, Alexander"]
[Result "1-0"]
[ECO "C42"]
[WhiteElo "1645"]
[BlackElo "954"]
[Annotator "NA RC"]
[PlyCount "65"]
[EventDate "2024.12.23"]
[EventType "team-tourn"]
[EventRounds "7"]
[EventCountry "GER"]
[SourceTitle "playchess.com"]
[Source "ChessBase"]
[SourceQuality "1"]
[TimeControl "3300+5"]

1. e4 e5 2. Nf3 Nf6 3. Nxe5 Qe7 4. Nf3 Nxe4 5. Be2 Qc5 6. O-O Nc6 7. d4 Qh5 8. Ng5 Qg6 9. Bh5 Qf5 10. Nxe4 Qxe4 11. Re1 Qxe1+ 12. Qxe1+ Kd8 13. Bg5+ Ne7 14. Bxf7 h6 15. Bxe7+ Bxe7 16. Nc3 Rf8 17. Bb3 Re8 18. Qd2 d6 19. Re1 Bg5 20. Rxe8+ Kxe8 21. Qe2+ Kd8 22. Bf7 Bd7 23. Be6 c6 24. d5 c5 25. Bxd7 Kxd7 26. Qe6+ Kc7 27. Nb5+ Kb6 28. Nxd6 Ka5 29. c3 Rd8 30. Nxb7+ Kb5 31. Nxd8 Bxd8 32. b3 Ba5 33. a4# 1-0

[Event "DVM U10 2024"]
[Site "Duesseldorf"]
[Date "2024.12.27"]
[Round "2"]
[White "Vignesh Bama, Dev"]
[Black "Huang, Flora Yueya"]
[Result "0-1"]
[ECO "B22"]
[WhiteElo "1633"]
[BlackElo "1481"]
[Annotator "NA RC"]
[PlyCount "104"]
[EventDate "2024.12.23"]
[EventType "team-tourn"]
[EventRounds "7"]
[EventCountry "GER"]
[SourceTitle "playchess.com"]
[Source "ChessBase"]
[SourceQuality "1"]
[TimeControl "3300+5"]

1. e4 c5 2. Nf3 e6 3. c3 Nc6 4. d4 cxd4 5. cxd4 Nf6 6. e5 Nd5 7. Bc4 Nb6 8. Bb3 d6 9. O-O dxe5 10. dxe5 Qxd1 11. Rxd1 Bc5 12. Nc3 O-O 13. Bg5 h6 14. Bh4 Bd7 15. Bc2 Nb4 16. Bb3 Bc6 17. Nd4 Bxd4 18. Rxd4 N4d5 19. a4 Nxc3 20. bxc3 Nd7 21. f4 Rfe8 22. Rad1 Nc5 23. Bc2 Bd5 24. Bf2 b6 25. a5 Bb3 26. Bxb3 Nxb3 27. Rb4 Nxa5 28. Ra4 Rac8 29. Rd7 Rxc3 30. Rxa7 Rc1+ 31. Be1 Rxe1+ 32. Kf2 Rb1 33. Rd4 Nc6 34. Rdd7 Nxa7 35. Rxa7 b5 36. Ke2 Rd8 37. Ra2 b4 38. Rd2 Rxd2+ 39. Kxd2 Rb2+ 40. Kc1 Rxg2 41. Kb1 f6 42. h3 fxe5 43. fxe5 Re2 44. Kc1 Rxe5 45. Kb2 Re3 46. h4 e5 47. Kc2 e4 48. Kd2 Rd3+ 49. Kc2 b3+ 50. Kb2 e3 51. Kc1 Rd2 52. Kb1 e2 0-1

[Event "DVM U10 2024"]
[Site "Duesseldorf"]
[Date "2024.12.27"]
[Round "2"]
[White "Zielke, Mika"]
[Black "Wittenberger, Henri"]
[Result "1-0"]
[ECO "C54"]
[WhiteElo "1623"]
[BlackElo "1421"]
[Annotator "NA RC"]
[PlyCount "93"]
[EventDate "2024.12.23"]
[EventType "team-tourn"]
[EventRounds "7"]
[EventCountry "GER"]
[SourceTitle "playchess.com"]
[Source "ChessBase"]
[SourceQuality "1"]
[TimeControl "3300+5"]

1. e4 e5 2. Nf3 Nc6 3. Bc4 Bc5 4. c3 Nf6 5. d3 d6 6. Be3 Bb6 7. O-O h6 8. Nbd2 O-O 9. Re1 Be6 10. Bb3 Re8 11. Nf1 Ne7 12. Ng3 Ng6 13. Qc2 c6 14. d4 Qe7 15. Bxe6 Qxe6 16. dxe5 Nxe5 17. Nxe5 dxe5 18. Qb3 Bxe3 19. Rxe3 Qxb3 20. axb3 a6 21. Rd1 Rad8 22. Red3 Rxd3 23. Rxd3 Re7 24. Kf1 g6 25. f3 Rd7 26. Ke2 Rxd3 27. Kxd3 b5 28. c4 c5 29. Nf1 Kf8 30. Ne3 Ke7 31. Nd5+ Nxd5 32. exd5 Kd6 33. h4 b4 34. g4 f5 35. h5 fxg4 36. fxg4 g5 37. Ke4 a5 38. Kf5 Ke7 39. Kxe5 Kf7 40. d6 Ke8 41. Kd5 Kd7 42. Kxc5 Kd8 43. Kd5 Kd7 44. c5 a4 45. bxa4 Kc8 46. c6 b3 47. a5 1-0

[Event "DVM U10 2024"]
[Site "Duesseldorf"]
[Date "2024.12.27"]
[Round "2"]
[White "Thirumal, Shravan"]
[Black "Aslanov, Kamran"]
[Result "1-0"]
[ECO "C44"]
[WhiteElo "1614"]
[BlackElo "1451"]
[Annotator "NA RC"]
[PlyCount "57"]
[EventDate "2024.12.23"]
[EventType "team-tourn"]
[EventRounds "7"]
[EventCountry "GER"]
[SourceTitle "playchess.com"]
[Source "ChessBase"]
[SourceQuality "1"]
[TimeControl "3300+5"]

1. e4 e5 2. Nf3 Nc6 3. d4 exd4 4. Bc4 d6 5. O-O Bg4 6. h3 Bh5 7. g4 Bg6 8. Nxd4 Nxd4 9. Qxd4 Nf6 10. Nc3 Be7 11. g5 Nd7 12. Qxg7 Rf8 13. f4 f5 14. Be6 fxe4 15. f5 Bf7 16. Bxf7+ Rxf7 17. Qg8+ Rf8 18. Qxh7 Bxg5 19. Qh5+ Rf7 20. Bxg5 Nf6 21. Nxe4 Nxh5 22. Bxd8 Rxd8 23. Rae1 Kf8 24. Ng5 Rg7 25. h4 Kg8 26. f6 Rg6 27. f7+ Kf8 28. Kh2 Ng7 29. Nh7# 1-0

[Event "DVM U10 2024"]
[Site "Duesseldorf"]
[Date "2024.12.27"]
[Round "2"]
[White "Ni, Wilhelm Zeyin"]
[Black "Jozsa, Lev"]
[Result "1-0"]
[ECO "C42"]
[WhiteElo "1611"]
[BlackElo "1617"]
[Annotator "NA RC"]
[PlyCount "93"]
[EventDate "2024.12.23"]
[EventType "team-tourn"]
[EventRounds "7"]
[EventCountry "GER"]
[SourceTitle "playchess.com"]
[Source "ChessBase"]
[SourceQuality "1"]
[TimeControl "3300+5"]

1. e4 e5 2. Nf3 Nf6 3. Nxe5 Nc6 4. Nxc6 dxc6 5. Nc3 Bc5 6. Bc4 Bxf2+ 7. Kxf2 Qd4+ 8. Ke1 Qxc4 9. d3 Qd4 10. Qf3 Bg4 11. Qe3 O-O-O 12. Qxd4 Rxd4 13. Be3 Rd7 14. h3 Bh5 15. g4 Bg6 16. Ke2 Re8 17. Raf1 Rde7 18. h4 h6 19. h5 Bh7 20. g5 Ng4 21. gxh6 Nxe3 22. Kxe3 gxh6 23. Rf6 Re6 24. Rxf7 R8e7 25. Rxe7 Rxe7 26. Rf1 Kd7 27. Rf6 Re6 28. Rxe6 Kxe6 29. Kf4 Bg8 30. Ne2 Kf6 31. e5+ Ke6 32. Nd4+ Kd5 33. Nf5 Bf7 34. Nxh6 Bxh5 35. Kf5 Be8 36. e6 Kd6 37. Kf6 c5 38. Nf7+ Kc6 39. Ke7 Kd5 40. Kxe8 Kxe6 41. Nd8+ Kd6 42. Nxb7+ Kc6 43. Na5+ Kb5 44. Nc4 a5 45. Kd7 c6 46. Nxa5 Kxa5 47. Kxc6 1-0

[Event "DVM U10 2024"]
[Site "Duesseldorf"]
[Date "2024.12.27"]
[Round "2"]
[White "Riazi, Dominik"]
[Black "Braren, Ove Neelis"]
[Result "1/2-1/2"]
[ECO "C56"]
[WhiteElo "1602"]
[BlackElo "1634"]
[Annotator "NA RC"]
[PlyCount "46"]
[EventDate "2024.12.23"]
[EventType "team-tourn"]
[EventRounds "7"]
[EventCountry "GER"]
[SourceTitle "playchess.com"]
[Source "ChessBase"]
[SourceQuality "1"]
[TimeControl "3300+5"]

1. e4 e5 2. Nf3 Nc6 3. d4 exd4 4. Bc4 Nf6 5. O-O Nxe4 6. Re1 d5 7. Bxd5 Qxd5 8. Nc3 Qh5 9. Nxe4 Be6 10. Bg5 Bd6 11. Nxd6+ cxd6 12. Bf4 Qd5 13. c3 O-O 14. Nxd4 Nxd4 15. Qxd4 Qxd4 16. cxd4 d5 17. Rac1 Rac8 18. Rxc8 Rxc8 19. Rc1 Kf8 20. Rxc8+ Bxc8 21. Kf1 Ke7 22. Ke2 Bd7 23. g3 Bg4+ 1/2-1/2

[Event "DVM U10 2024"]
[Site "Duesseldorf"]
[Date "2024.12.27"]
[Round "2"]
[White "von Flottwell, Lionel"]
[Black "Wessels, Keke"]
[Result "1-0"]
[ECO "B22"]
[WhiteElo "1597"]
[BlackElo "1568"]
[Annotator "NA RC"]
[PlyCount "83"]
[EventDate "2024.12.23"]
[EventType "team-tourn"]
[EventRounds "7"]
[EventCountry "GER"]
[SourceTitle "playchess.com"]
[Source "ChessBase"]
[SourceQuality "1"]
[TimeControl "3300+5"]

1. e4 c5 2. Nf3 Nc6 3. c3 Nf6 4. e5 Nd5 5. d4 cxd4 6. cxd4 e6 7. a3 d6 8. b4 Bd7 9. g3 Rc8 10. Bg2 Nb8 11. O-O Be7 12. h4 Bc6 13. Nfd2 Nd7 14. Qg4 g6 15. Re1 N7b6 16. Ne4 h5 17. Qe2 a6 18. Bg5 Bxg5 19. Nxd6+ Kf8 20. Nxc8 Bb5 21. Qc2 Nxc8 22. hxg5 Nce7 23. a4 Nxb4 24. Qd2 Nd3 25. axb5 Nxe1 26. Bxb7 Nd5 27. Qxe1 Nb6 28. bxa6 Kg7 29. a7 Na8 30. Qb4 Qc7 31. Nc3 Rd8 32. Ne4 Qd7 33. Nf6 Qc7 34. Qb5 Kh8 35. Qc6 Qe7 36. Bxa8 Qf8 37. Bb7 Kg7 38. a8=Q Rxa8 39. Rxa8 Qxa8 40. Bxa8 h4 41. Qe8 h3 42. Qg8# 1-0

[Event "DVM U10 2024"]
[Site "Duesseldorf"]
[Date "2024.12.27"]
[Round "2"]
[White "Marx, Jakob"]
[Black "Pawlus, Daniel"]
[Result "1-0"]
[ECO "B21"]
[WhiteElo "1591"]
[BlackElo "1521"]
[Annotator "NA RC"]
[PlyCount "49"]
[EventDate "2024.12.23"]
[EventType "team-tourn"]
[EventRounds "7"]
[EventCountry "GER"]
[SourceTitle "playchess.com"]
[Source "ChessBase"]
[SourceQuality "1"]
[TimeControl "3300+5"]

1. e4 c5 2. d4 cxd4 3. c3 dxc3 4. Nxc3 Nc6 5. Nf3 d6 6. Bc4 g6 7. Qb3 e6 8. Bg5 Nf6 9. Rd1 Bg7 10. e5 d5 11. exf6 Bxf6 12. Bf4 Be7 13. Bxd5 exd5 14. Nxd5 Qa5+ 15. Bd2 Qc5 16. Nc7+ Kf8 17. Bh6+ Kg8 18. Nxa8 Bf6 19. O-O Qh5 20. Qe3 Be6 21. Rd6 Ne5 22. Qxe5 Qxh6 23. Qxf6 Qg7 24. Rd8+ Qf8 25. Rfd1 1-0

[Event "DVM U10 2024"]
[Site "Duesseldorf"]
[Date "2024.12.27"]
[Round "2"]
[White "Nikolic, Luka"]
[Black "Schacht, Jakob Otto"]
[Result "1-0"]
[ECO "D37"]
[WhiteElo "1579"]
[BlackElo "1064"]
[Annotator "NA RC"]
[PlyCount "109"]
[EventDate "2024.12.23"]
[EventType "team-tourn"]
[EventRounds "7"]
[EventCountry "GER"]
[SourceTitle "playchess.com"]
[Source "ChessBase"]
[SourceQuality "1"]
[TimeControl "3300+5"]

1. d4 d5 2. c4 e6 3. Nc3 Nf6 4. Bf4 Be7 5. Nf3 O-O 6. e3 b6 7. Nb5 Bd6 8. Bxd6 cxd6 9. Be2 Ba6 10. Na3 Nbd7 11. O-O Rc8 12. Qa4 Nb8 13. Nb5 Bxb5 14. cxb5 Qc7 15. b4 Qb7 16. Rac1 Nbd7 17. Rc2 Rxc2 18. Qxc2 Rc8 19. Qb1 Ne4 20. Bd3 Ndf6 21. Rc1 Nc3 22. Qb2 Nce4 23. Rxc8+ Qxc8 24. Nd2 Nxd2 25. Qxd2 Ne4 26. Qc2 Qxc2 27. Bxc2 Nc3 28. a4 Kf8 29. f3 Ke7 30. Bb3 Kf6 31. Kf1 e5 32. Ke1 e4 33. fxe4 Nxe4 34. Bxd5 Ng5 35. a5 Ne6 36. Kd2 Ke7 37. Kd3 Nc7 38. Kc4 Nxd5 39. Kxd5 Kd7 40. e4 h6 41. e5 dxe5 42. dxe5 g6 43. h3 h5 44. h4 Ke7 45. axb6 axb6 46. Kc6 Ke6 47. Kxb6 Kxe5 48. Kc6 g5 49. hxg5 Kf5 50. b6 Kxg5 51. b7 f5 52. b8=Q f4 53. Qg8+ Kh4 54. Qc4 Kg3 55. Qe2 1-0